 Dungeon Crawl Stone Soup version 0.29.1-15-g9cfb28693d (webtiles) character file.

Game seed: 10777667896441817102

3899 croobank the Covert (level 10, -4/102 HPs)
             Began as an Octopode Delver on Mar 19, 2023.
             Was a Follower of Vehumet.
             Slain by a komodo dragon (18 damage)
             ... on level 9 of the Dungeon.
             The game lasted 00:29:35 (12370 turns).

croobank the Covert (Octopode Delver)              Turns: 12370, Time: 00:29:36

Health: -4/102     AC: 32    Str: 13    XL:     10   Next: 20%
Magic:  5/18       EV:  2    Int: 22    God:    Vehumet [*.....]
Gold:   567        SH:  0    Dex: 13    Spells: 15/20 levels left

rFire   . . .      SeeInvis .   D - +3 trident (vorpal)
rCold   . . .      Faith    .   (no shield)
rNeg    + + .      Spirit   .   (helmet currently unavailable)
rPois   +          Reflect  .   C - amulet of regeneration
rElec   .          Harm     .   k - ring of positive energy
rCorr   +          Rampage  .   r - +4 ring of evasion
Will    .....      NoTele   +   G - +6 ring of intelligence
Stlth   ++++......              K - ring of resist corrosion
HPRegen 1.07/turn               O - ring of positive energy
MPRegen 0.16/turn               (no ring)
                                (no ring)
                                (no ring)

@: ice-armoured, tree-form, very slightly contaminated
A: stationary, stasis, torment immunity, boosted hp, almost no armour,
(amphibious), 8 rings, (camouflage 1), (gelatinous body 1), (nimble swimmer 1),
(tentacles)
a: Renounce Religion


You were on level 9 of the Dungeon.
You worshipped Vehumet.
Vehumet was aware of your devotion.
You were a tree.
You visited 3 branches of the dungeon, and saw 11 of its levels.

You collected 567 gold pieces.

Inventory:

Hand Weapons
 a - a +2 morningstar
 c - a +0 dagger of speed
 e - a +0 rapier
 w - a +2 falchion of holy wrath
 D - a +3 vorpal trident (weapon)
 H - the +0 quarterstaff of Ash {freeze, rN+ MP+9 Str-2 Dex+8}
   (You found it on level 7 of the Dungeon)

   It freezes those it strikes, dealing additional cold damage.
   It can also slow down cold-blooded creatures.
   Str:       It affects your strength (-2).
   Dex:       It affects your dexterity (+8).
   rN:        It protects you from negative energy.
   MP:        It affects your magic capacity (+9).
 M - a +2 dagger of holy wrath
 N - a +2 rapier of venom
 Q - a +1 war axe
 R - a +5 spear
 S - a +2 vorpal hand axe
Magical Staves
 J - a staff of conjuration
Jewellery
 h - an amulet of reflection
 j - a ring of ice
 k - a ring of positive energy (left branch)
 r - a +4 ring of evasion (right branch)
 C - an amulet of regeneration (around neck)
 G - a +6 ring of intelligence (on tentacle)
 K - a ring of resist corrosion (on tentacle)
 O - a ring of positive energy (on tentacle)
Wands
 f - a wand of digging (3)
 I - a wand of roots (17)
Scrolls
 b - 2 scrolls of fog
 d - 6 scrolls of teleportation
 i - 6 scrolls of vulnerability
 l - 2 scrolls of enchant armour
 o - 2 scrolls of magic mapping
 p - 3 scrolls of blinking
 q - a scroll of amnesia
 t - 3 scrolls of identify
 x - a scroll of enchant weapon
 y - 3 scrolls of noise
 E - a scroll of silence
Potions
 g - 3 potions of lignification
 m - 2 potions of haste
 s - 5 potions of curing
 u - a potion of mutation
 v - 3 potions of ambrosia
 z - 2 potions of brilliance
 A - a potion of flight
 B - a potion of invisibility
 F - a potion of might
 L - a potion of magic {unknown}


   Skills:
 + Level 6.1 Fighting
 + Level 5.7 Axes
 + Level 5.6 Dodging
 + Level 10.1 Stealth
 + Level 5.6 Spellcasting
 * Level 4.2 Fire Magic
 - Level 5.3 Ice Magic


You had 15 spell levels left.
You knew the following spells:

 Your Spells              Type           Power      Damage    Failure   Level
a - Ozocubu's Armour      Ice            29%        N/A       3%          3
b - Scorch                Fire           50%        2d8       2%          2

Your spell library contained the following spells:

 Spells                   Type           Power      Damage    Failure   Level
 Freeze                   Ice            100%       1d11      1%          1
 Apportation              Tloc           12%        N/A       10%         1
 Necrotise                Necr           24%        1d5       10%         1
 Summon Small Mammal      Summ           24%        N/A       10%         1
 Static Discharge         Conj/Air       6%         3-4/arc   14%         2
 Flame Wave               Conj/Fire      15%        2d7       36%         4
 Sticky Flame             Conj/Fire      15%        2d4       36%         4
 Metabolic Englaciation   Hex/Ice        8%         N/A       65%         5
 Dispel Undead            Necr           6%         3d8       67%         4
 Alistair's Intoxication  Tmut/Pois      4%         N/A       95%         5
 Blade Hands              Tmut           3%         N/A       95%         5
 Irradiate                Conj/Tmut      3%         3d12      95%         5
 Simulacrum               Ice/Necr       8%         N/A       99%         6
 Iron Shot                Conj/Erth      3%         9d2       100%        6
 Summon Cactus Giant      Summ           3%         N/A       100%        6
 Dragon Form              Tmut           3%         N/A       100%        7
 Animate Armour           Summ/Erth      Unusable   N/A       N/A         4

Dungeon Overview and Level Annotations

Branches:
Dungeon (9/15)             Temple (1/1) D:5            Lair (1/5) D:8
    Orc: D:9-12

Altars:
Ashenzari
Cheibriados
Dithmenos
Elyvilon
Fedhas
Gozag
Hepliaklqana
Kikubaaqudgha
Makhleb
Nemelex Xobeh
Okawaru
Qazlal
Ru
Sif Muna
Trog
Uskayaw
Vehumet
Wu Jian
Xom
Yredelemnul
Zin
The Shining One

Shops:
D:2 *([


Innate Abilities, Weirdness & Mutations

You are a tree.
Your roots penetrate the ground, keeping you stationary.
You cannot be teleported.
You are immune to unholy pain and torment.
Your maximum health is greatly increased.
You cannot wear most types of armour.
((You are amphibious.))
You can wear up to eight rings at the same time.
((Your skin changes colour to match your surroundings (Stealth+).))
((Your rubbery body absorbs attacks. (AC +1, EV +1)))
((You are camouflaged when in or above water. (Stealth+)))
((You have tentacles for arms and can constrict up to eight enemies at once.))


Message History

The komodo dragon misses you. The water moccasin misses you.
Casting: Scorch (safe; 2% risk of failure)
Confirm with . or Enter, or press ? or * to list all spells.
You miscast Scorch.
You are very lightly contaminated with residual magic.
Nothing appears to happen.
The water moccasin completely misses you.
The komodo dragon hisses menacingly.
The komodo dragon misses you.
Casting: Scorch (safe; 2% risk of failure)
Confirm with . or Enter, or press ? or * to list all spells.
Flames lash the water moccasin.
The water moccasin is burned terribly!
You kill the water moccasin!
Vehumet accepts your kill.
You feel your power returning. The komodo dragon bites you!!
* * * LOW HITPOINT WARNING * * *
Really quaff the potion of lignification?
You turn into a tree.
Your roots penetrate the ground.
The komodo dragon completely misses you.
You feel better.
The komodo dragon bites you but does no damage.
Casting: Scorch (safe; 2% risk of failure)
Confirm with . or Enter, or press ? or * to list all spells.
Flames lash the komodo dragon.
The komodo dragon is moderately wounded.
The komodo dragon's fire resistance burns away.
The komodo dragon bites you but does no damage.
Casting: Scorch (safe; 2% risk of failure)
Confirm with . or Enter, or press ? or * to list all spells.
Flames lash the komodo dragon.
The komodo dragon is burned terribly!
The komodo dragon is moderately wounded.
The komodo dragon hisses menacingly.
The komodo dragon bites you!
* * * LOW HITPOINT WARNING * * *
Casting: Scorch (safe; 2% risk of failure)
Confirm with . or Enter, or press ? or * to list all spells.
Flames lash the komodo dragon.
The komodo dragon is burned terribly!
The komodo dragon is heavily wounded.
The komodo dragon bites you!!
You die...

#.#
#################.......
...
........................
###
#####..............###
#.###########..# #.# ..#
#.# ..# #.# ..#
#.######## .# #♣........
......l.........
...............#
...............#
...............#
...............#
................
................


You could see a komodo dragon (combustible).

Vanquished Creatures
  A wyvern (D:9)
  2 wargs (D:8)
  2 water moccasins
  2 ice beasts
  3 orc warriors
  2 ogres (D:5)
  A centaur (D:5)
  2 phantoms
  6 bullfrogs
  2 kobold brigands (D:7)
  A necrophage (D:5)
  6 scorpions
  3 wights (D:8)
  3 killer bees (D:8)
  5 electric eels (D:7)
  2 howler monkeys
  A jelly (D:7)
  3 hounds
  2 gnoll boudas
  6 orc priests
  3 iguanas
  9 orc wizards
  6 adders
  10 gnolls
  2 shadow imps
  An ufetubus (D:5)
  3 dart slugs
  39 orcs
  6 ball pythons
  6 endoplasms
  6 giant cockroaches
  5 goblins
  5 hobgoblins (D:4)
  6 jackals
  3 quokkas
  3 bats
  5 frilled lizards
  15 kobolds
  6 rats
194 creatures vanquished.

Vanquished Creatures (others)
  18 plants
18 creatures vanquished.

Grand Total: 212 creatures vanquished

Notes
Turn   | Place    | Note
-------+----------+-------------------------------------------
     0 | D:5      | croobank the Octopode Delver began the quest for the Orb.
     0 | D:5      | Reached XP level 1. HP: 16/16 MP: 1/1
    46 | D:6      | Noticed an orc wizard
    53 | D:6      | Noticed an ogre
    56 | D:5      | Noticed an ice beast
    58 | D:5      | Noticed an ogre
    91 | D:4      | Reached XP level 2. HP: 6/21 MP: 2/2
   848 | D:4      | HP: 1/31 [iguana (1)]
   852 | D:4      | Reached skill level 7 in Stealth
   852 | D:4      | Reached XP level 3. HP: 2/26 MP: 3/3
  1099 | D:4      | Reached XP level 4. HP: 3/31 MP: 4/4
  1646 | D:1      | Learned a level 3 spell: Ozocubu's Armour
  2499 | D:2      | Reached XP level 5. HP: 33/36 MP: 4/6
  2602 | D:2      | Reached skill level 1 in Ice Magic
  2664 | D:2      | Found Yxino's Weapon Emporium.
  2903 | D:2      | Found Weew's Armour Shoppe.
  3159 | D:2      | Found Zivige's General Store.
  3384 | D:3      | Found a faded altar of an unknown god.
  3422 | D:3      | Found a sparkling altar of Nemelex Xobeh.
  3676 | D:3      | Reached skill level 1 in Spellcasting
  3993 | D:3      | Reached XP level 6. HP: 35/43 MP: 8/8
  5130 | D:4      | Reached XP level 7. HP: 48/48 MP: 10/10
  5798 | D:5      | Reached skill level 8 in Stealth
  5865 | D:5      | Reached XP level 8. HP: 16/54 MP: 12/12
  6658 | D:5      | Found a staircase to the Ecumenical Temple.
  6670 | Temple   | Entered the Ecumenical Temple
  6889 | Temple   | Became a worshipper of Vehumet
  8321 | D:6      | Reached skill level 5 in Fighting
  8778 | D:7      | Found an opulent altar of Gozag.
  8900 | D:7      | Identified the +0 quarterstaff of Ash {freeze, rN+ MP+9
                  | Str-2 Dex+8}
  9086 | D:7      | Reached skill level 5 in Ice Magic
  9086 | D:7      | Reached XP level 9. HP: 61/61 MP: 15/15
  9165 | D:7      | Reached * piety under Vehumet
  9165 | D:7      | Offered knowledge of Sandblast by Vehumet.
  9166 | D:7      | Reached skill level 9 in Stealth
  9922 | D:7      | Learned a level 2 spell: Scorch
 10349 | D:7      | Reached skill level 1 in Fire Magic
 10451 | D:8      | Reached skill level 5 in Axes
 10525 | D:8      | Reached skill level 5 in Spellcasting
 10580 | D:8      | Found a staircase to the Lair.
 10636 | D:8      | Found a glowing silver altar of Zin.
 10713 | D:8      | Reached skill level 5 in Dodging
 11154 | D:8      | Found a bloodstained altar of Trog.
 11702 | Lair:1   | Entered Level 1 of the Lair of Beasts
 11702 | Lair:1   | Noticed a cane toad
 11703 | Lair:1   | Noticed a five-headed hydra
 11749 | D:9      | Reached XP level 10. HP: 68/68 MP: 5/18
 11915 | D:9      | Reached skill level 10 in Stealth
 12087 | D:9      | Offered knowledge of Freeze by Vehumet.
 12370 | D:9      | Slain by a komodo dragon

Illustrated notes

Levels and vault maps discovered:
D:1:      lightli_arrival_maybe_door_vault, layout_basic, st_stairs_10
D:2:      layout_basic, serial_shops, nicolae_shop_bloodbath_and_beyond,
          shop_statue, shop, nrook_loot_triangle
D:3:      layout_rooms, nemelex_xobeh_ov_fountains_minmay,
          nicolae_ecumenical_oubliette, serial_bayou_pond_a, due_unseen_surprise
D:4:      layout_basic, kennysheep_opposing_triangles
D:5:      layout_loops_ring, minmay_temple_entry_fiery, chequers_jeans
D:6:      layout_loops_ring, kennysheep_generic_room_15
D:7:      layout_loops_corners, kennysheep_mini_moat, chequers_big_river,
          due_unseen_surprise
D:8:      layout_rooms, old_standard_altar, mainiacjoe_overflow_alcove_2,
          erik_lair_orcish_takeover
D:9:      layout_long_grid, uniq_erica, uniq_joseph
Temple:   mainiacjoe_temple_bowtie_tessellation
Lair:1:   layout_gridlike, basic_altar, grunt_megastairs_3

Skill      XL: |  1  2  3  4  5  6  7  8  9 10 |
---------------+-------------------------------+-----
Stealth        | 7 8 9 10 | 10.1
Axes           | 3 4 5 |  5.7
Ice Magic      | 1 2 3 5 |  5.3
Dodging        | 3 4 5 |  5.6
Spellcasting   | 1 2 3 4 5 |  5.6
Fighting       | 4 5 6 |  6.1
Fire Magic     | 3 4 |  4.2

Action                   |  1- 3 |  4- 6 |  7- 9 | 10-12 || total
-------------------------+-------+-------+-------+-------++-------
Melee: Hand axe          |    49 |   143 |     6 |       ||   198
       Tentacles         |    12 |    34 |    42 |     6 ||    94
       Constrict         |    11 |    33 |    36 |     3 ||    83
       Punch             |       |     3 |     4 |       ||     7
       Trident           |       |       |   208 |    26 ||   234
 Cast: Scorch            |       |       |    56 |    19 ||    75
       Ozocubu's Armour  |       |       |     2 |     6 ||     8
Evoke: Wand              |       |     1 |     1 |       ||     2
  Use: Potion            |     2 |       |     3 |     4 ||     9
       Scroll            |     1 |     8 |    11 |       ||    20
 Stab: Sleeping          |     3 |    23 |    12 |       ||    38
       Distracted        |     1 |     1 |     1 |       ||     3
Armor: Skin              |     2 |     5 |     5 |    11 ||    23
Dodge: Dodged            |    19 |    59 |   142 |    57 ||   277
Block: Other             |    11 |    17 |    31 |       ||    59
       Reflection        |       |       |     1 |       ||     1
